 Dungeon Crawl Stone Soup version 0.19.1 (webtiles) character file.

731 empire the Magician (level 7, -3/41 HPs)
             Began as a High Elf Wizard on Dec 16, 2016.
             Was a Follower of Sif Muna.
             Shot with an arrow by a centaur (11 damage)
             ... on level 5 of the Dungeon.
             The game lasted 00:22:48 (6310 turns).

empire the Magician (High Elf Wizard)               Turns: 6310, Time: 00:22:54

Health: -3/41      AC:  6    Str:  6    XL:     7   Next: 45%
Magic:  1/15       EV: 12    Int: 27    God:    Sif Muna [*.....]
Gold:   220        SH:  0    Dex: 13    Spells: 5 memorised, 6 levels left

rFire  . . .     SeeInvis .     b - +0 long sword
rCold  . . .     Gourm    .     e - +0 robe
rNeg   . . .     Faith    .     (no shield)
rPois  .         Spirit   .     i - +1 hat
rElec  .         Reflect  .     t - +0 cloak
rCorr  .         Harm     .     (no gloves)
MR     +....                    (no boots)
Stlth  ++........               (no amulet)
                                (no ring)
                                f - +3 ring of protection

@: no status effects
A: clever 1, deformed body, magic resistance 1
a: Divine Energy, Renounce Religion


You were on level 5 of the Dungeon.
You worshipped Sif Muna.
Sif Muna was aware of your devotion.
You were not hungry.

You visited 2 branches of the dungeon, and saw 6 of its levels.

You collected 220 gold pieces.

Inventory:

Hand Weapons
 a - a +1 short sword
 b - a +0 long sword (weapon)
 r - a +4 quarterstaff of chaos
Missiles
 h - 19 bolts
Armour
 e - a +0 robe (worn)
 i - a +1 hat (worn)
 j - a +0 helmet
 t - a +0 cloak (worn)
Jewellery
 f - a +3 ring of protection (left hand)
Scrolls
 g - a scroll of teleportation
 k - a scroll of random uselessness
 l - a scroll of immolation
 q - a scroll of fear
 u - a scroll of identify
 v - a scroll of enchant armour
Potions
 s - a potion of mutation
Books
 c - a book of Minor Magic

   Spells                             Type                      Level
   a - Magic Dart                     Conjuration                  1
   b - Blink                          Translocation                2
   c - Call Imp                       Summoning                    2
   d - Repel Missiles                 Charms/Air                   2
   e - Slow                           Hexes                        2
   f - Conjure Flame                  Conjuration/Fire             3
   g - Mephitic Cloud                 Conjuration/Poison/Air       3
Comestibles
 d - 3 bread rations
 m - 4 meat rations
 n - a slice of pizza
 o - 4 chunks of flesh
 p - 2 fruits


   Skills:
 - Level 2.1 Dodging
 - Level 2.1 Stealth
 - Level 5.2 Spellcasting
 - Level 3.0 Conjurations
 - Level 3.0 Hexes
 - Level 3.0 Summonings
 - Level 3.2 Translocations
 + Level 2.6 Air Magic
 * Level 2.6 Poison Magic


You had 6 spell levels left.
You knew the following spells:

 Your Spells              Type           Power        Failure   Level  Hunger
a - Magic Dart            Conj           ###.         1%          1    None
b - Blink                 Tloc           N/A          2%          2    None
c - Call Imp              Summ           ###.....     3%          2    None
d - Slow                  Hex            ###.....     3%          2    None
e - Mephitic Cloud        Conj/Pois/Air  ###.....     10%         3    #......


Dungeon Overview and Level Annotations

Branches:
Dungeon (5/15)             Temple (1/1) D:4

Altars:
Cheibriados
Dithmenos
Elyvilon
Fedhas
Gozag
Hepliaklqana
Makhleb
Nemelex Xobeh
Okawaru
Qazlal
Ru
Sif Muna
Vehumet
Xom
Zin

Annotations:
D:5 Dowan


Innate Abilities, Weirdness & Mutations

Your mind is acute. (Int +2)
Armour fits poorly on your strangely shaped body.
You are resistant to hostile enchantments. (MR+)


Message History

Orders for allies: a - Attack new target. p - Attack previous target. r - Retreat! s - Stop attacking. g - Guard the area. f - Follow me.
Anything else - Cancel.
Gang up on whom?
Press: ? - help, Dir - move target cursor, f/p - Dowan
Aim: Dowan, wielding a spear and wearing a robe (severely wounded, fast) Attack!
Dowan casts a spell at you. The shard of ice hits you!
Ouch! That really hurt!
A centaur comes into view.
It was a potion of mutation.
You feel extremely strange.
You feel clever.
You feel resistant to hostile enchantments.
Your body twists and deforms.
Dowan misses you. Dowan hits you from afar with a spear.
* * * LOW HITPOINT WARNING * * *
The centaur wields a shortbow.
The centaur shoots an arrow.
The arrow hits you!
You die...

...........# #....####
............# ##..##
.$....>.....###...
..................#
.............###...#
.......)....##
#...####
.............# #...##.
.............# #...5.
.......@.....## #..###
..............# ##.#
.....e..5.....#####..#
.c..........#.......##
.$..................#
..............#####.##
..............# ##..##
..............#
##....##
............###.......


You could see Dowan, a centaur and a friendly crimson imp.

Vanquished Creatures
  2 phantoms
  A bullfrog (D:3)
  A hound (D:5)
  Jessica (D:3)
  An orc wizard (D:4)
  Natasha (twice) (D:4)
  6 adders
  An adder skeleton (D:4)
  3 worms
  5 dart slugs
  4 leopard geckos
  6 orcs
  4 giant cockroaches
  9 goblins
  8 hobgoblins
  9 jackals
  9 kobolds
  A quokka (D:4)
  A ball python (D:3)
  A ball python zombie (D:5)
  7 bats
  4 frilled lizards
  12 rats
98 creatures vanquished.

Vanquished Creatures (collateral kills)
  Duvessa (D:5)
  2 scorpions (D:4)
  A howler monkey (D:5)
  A crimson imp (D:5)
  Crazy Yiuf (D:4)
  Natasha (D:4)
  3 worker ants
  An orc (D:4)
11 creatures vanquished.

Grand Total: 109 creatures vanquished

Notes
Turn   | Place    | Note
-------+----------+-------------------------------------------
     0 | D:1      | empire the High Elf Wizard began the quest for the Orb.
     0 | D:1      | Reached XP level 1. HP: 11/11 MP: 6/6
   419 | D:1      | Reached XP level 2. HP: 17/17 MP: 7/7
   637 | D:1      | Learned a level 2 spell: Blink
   640 | D:1      | Learned a level 2 spell: Call Imp
   643 | D:1      | Learned a level 2 spell: Slow
   820 | D:1      | Reached XP level 3. HP: 21/21 MP: 7/9
   898 | D:1      | Reached skill level 1 in Hexes
  1914 | D:2      | Reached skill level 1 in Summonings
  1932 | D:2      | Reached XP level 4. HP: 27/27 MP: 4/10
  2297 | D:3      | Found a shadowy altar of Dithmenos.
  2392 | D:3      | Found a deep blue altar of Sif Muna.
  2395 | D:3      | Became a worshipper of Sif Muna the Loreminder
  2587 | D:3      | Learned a level 3 spell: Mephitic Cloud
  2783 | D:3      | Found a snail-covered altar of Cheibriados.
  2803 | D:3      | Noticed a bullfrog
  2814 | D:3      | Killed a bullfrog
  2814 | D:3      | Reached XP level 5. HP: 11/31 MP: 1/11
  2831 | D:3      | Noticed a phantom
  3129 | D:3      | Killed a phantom
  3129 | D:3      | Reached skill level 1 in Air Magic
  3129 | D:3      | Reached skill level 1 in Poison Magic
  3129 | D:3      | Reached XP level 6. HP: 7/36 MP: 0/12
  3566 | D:3      | Noticed Jessica
  3572 | D:3      | Killed Jessica
  4247 | D:4      | Found a staircase to the Ecumenical Temple.
  4309 | Temple   | Entered the Ecumenical Temple
  4802 | D:4      | Found a runed door.
  5028 | D:4      | Reached * piety under Sif Muna
  5169 | D:4      | Noticed Natasha
  5178 | D:4      | Killed Natasha
  5279 | D:4      | Reached skill level 4 in Spellcasting
  5590 | D:4      | Noticed Crazy Yiuf
  5603 | D:4      | Killed Crazy Yiuf
  5603 | D:4      | Reached XP level 7. HP: 41/41 MP: 3/14
  5720 | D:4      | Noticed Natasha
  5727 | D:4      | Killed Natasha
  5797 | D:5      | Entered Level 5 of the Dungeon
  5809 | D:4      | Noticed Natasha
  5814 | D:4      | Killed Natasha
  6086 | D:5      | Reached skill level 5 in Spellcasting
  6175 | D:5      | Found a glowing silver altar of Zin.
  6271 | D:5      | Noticed Dowan
  6281 | D:5      | Noticed Duvessa
  6293 | D:5      | Killed Duvessa
  6310 | D:5      | Gained mutation: Your mind is acute. (Int +2) [potion of mutation]
  6310 | D:5      | Gained mutation: You are resistant to hostile enchantments. (MR+) [potion of mutation]
  6310 | D:5      | Gained mutation: Armour fits poorly on your strangely shaped body. [potion of mutation]
  6310 | D:5      | Shot with an arrow by a centaur

Skill      XL: |  1  2  3  4  5  6  7 |
---------------+----------------------+-----
Conjurations   | 2 3 |  3.0
Hexes          | 2 3 |  3.0
Summonings     | 1 2 3 |  3.0
Translocations | 3 |  3.2
Air Magic      | 1 2 |  2.6
Poison Magic   | 1 2 |  2.6
Spellcasting   | 4 5 |  5.2
Dodging        | |  2.1
Stealth        | |  2.1

Action                   |  1- 3 |  4- 6 |  7- 9 || total
-------------------------+-------+-------+-------++-------
Melee: Short sword       |    65 |    59 |    13 ||   137
       Long sword        |       |       |     1 ||     1
 Cast: Magic Dart        |    68 |   131 |    26 ||   225
       Slow              |     4 |     1 |     3 ||     8
       Call Imp          |     1 |    25 |     8 ||    34
       Blink             |     1 |       |       ||     1
       Mephitic Cloud    |       |     3 |     3 ||     6
  Use: Scroll            |       |    11 |       ||    11
       Potion            |       |     4 |     2 ||     6
 Stab: Sleeping          |     4 |     1 |     1 ||     6
       Confused          |       |       |     1 ||     1
  Eat: Chunk             |     3 |    12 |     2 ||    17
Armor: Robe              |    17 |    22 |     7 ||    46
Dodge: Dodged            |    57 |    55 |    21 ||   133
       Rpst.: Long sword |       |       |     4 ||     4
